 Dungeon Crawl Stone Soup version 0.30.1 (webtiles) character file.

Game seed: 7509426681774832099

8376 monsoonserge the Fighter (level 11, -5/102 HPs)
             Began as a Hill Orc Fighter on July 7, 2023.
             Was a Believer of Nemelex Xobeh.
             Slain by an ice devil (20 damage)
             ... summoned by a kobold demonologist
             ... on level 8 of the Dungeon.
             The game lasted 00:37:46 (10298 turns).

monsoonserge the Fighter (Hill Orc Fighter)        Turns: 10298, Time: 00:37:48

Health: -5/102     AC: 24    Str: 22    XL:     11   Next: 29%
Magic:  15/15      EV:  8    Int:  8    God:    Nemelex Xobeh [**....]
Gold:   803        SH: 10    Dex: 13    Spells: 10/10 levels left

rFire   + . .        P - +5 whip "Gexulerph" {flame, rPois rF+ rCorr}
rCold   . . .        O - +0 kite shield
rNeg    + . .        Q - +4 chain mail
rPois   +            t - +0 helmet
rElec   +            (no cloak)
rCorr   +            i - +0 pair of gloves
SInv    +            L - +0 pair of boots
Will    .....        (no amulet) Stlth
                     S - ring of see invisible
HPRegen 0.37/turn    p - ring "Zorur" {rElec rN+ AC+4 Str-2 Dex+3}
MPRegen 0.14/turn

%: no passive effects
@: no status effects
A: no striking features
a: Renounce Religion, Draw Escape, Draw Destruction, Draw Summoning


You were on level 8 of the Dungeon.
You worshipped Nemelex Xobeh.
Nemelex Xobeh was pleased with you.
You visited 2 branches of the dungeon, and saw 11 of its levels.
You also visited: Ossuary.

You collected 803 gold pieces.

Inventory:

Hand Weapons
 z - a +1 heavy war axe
 J - a +0 arbalest
 K - a +1 heavy trident
 P - the +5 whip "Gexulerph" (weapon) {flame, rPois rF+ rCorr}
   (You took it off an orc on level 5 of the Dungeon)

   rF:        It protects you from fire.
   rPois:     It protects you from poison.
   rCorr:     It protects you from acid and corrosion.
Missiles
 y - 68 poisoned darts (quivered)
 T - a curare-tipped dart
Armour
 c - a +0 buckler
 i - a +0 pair of gloves (worn)
 t - a +0 helmet (worn)
 B - a +2 plate armour of poison resistance
 L - a +0 pair of boots (worn)
 O - a +0 kite shield (worn)
 Q - a +4 chain mail (worn)
Magical Staves
 k - a staff of death
 M - a staff of poison
Jewellery
 p - the ring "Zorur" (right hand) {rElec rN+ AC+4 Str-2 Dex+3}
   (You took it off a kobold on level 8 of the Dungeon)

   [ring of protection]

   AC:        It affects your AC (+4).
   Str:       It affects your strength (-2).
   Dex:       It affects your dexterity (+3).
   rElec:     It insulates you from electricity.
   rN:        It protects you from negative energy.
 A - a ring of resist corrosion
 S - a ring of see invisible (left hand)
Wands
 m - a wand of flame (6)
 R - a wand of digging (5)
Scrolls
 d - 2 scrolls of summoning {unknown}
 e - 3 scrolls of blinking {unknown}
 h - a scroll of noise {unknown}
 j - 6 scrolls of identify {unknown}
 n - 7 scrolls of poison {unknown}
 q - 2 scrolls of magic mapping {unknown}
 r - 3 scrolls of amnesia {unknown}
 s - 2 scrolls of torment {unknown}
 u - 2 scrolls of fog {unknown}
 v - 2 scrolls of vulnerability {unknown}
 w - 3 scrolls of enchant weapon {unknown}
 I - 4 scrolls of teleportation {unknown}
 N - a scroll of immolation {unknown}
Potions
 a - 2 potions of might
 b - 5 potions of heal wounds
 f - 5 potions of flight
 g - 5 potions of curing
 l - 3 potions of lignification
 o - 3 potions of haste {unknown}
 x - 2 potions of magic {unknown}
 C - a potion of berserk rage {unknown}
 D - 2 potions of resistance {unknown}
 E - a potion of invisibility {unknown}
 F - a potion of brilliance {unknown}
 G - 4 potions of mutation {unknown}
 H - 2 potions of degeneration {unknown}


   Skills:
 + Level 11.4 Fighting
 - Level 6.0(8.4) Axes
 * Level 2.3(3.9) Maces & Flails
 - Level 7.2(8.0) Polearms
 + Level 3.0 Throwing
 + Level 10.6 Armour
 + Level 1.4 Dodging
 + Level 6.2 Shields
 * Level 6.1 Invocations


You had 10 spell levels left.
You didn't know any spells.
Your spell library contained the following spells:

 Spells                   Type           Power      Damage    Failure   Level
 Kiss of Death            Conj/Necr      0%         2d5       99%         1
 Blink                    Tloc           0%         N/A       100%        2
 Lesser Beckoning         Tloc           0%         N/A       100%        2
 Momentum Strike          Conj/Tloc      0%         3d8       100%        2
 Poisonous Vapours        Pois/Air       0%         N/A       100%        2
 Confusing Touch          Hex            0%         N/A       100%        3
 Dazzling Flash           Conj/Hex       0%         N/A       100%        3
 Ignite Poison            Fire/Tmut/Pois 0%         N/A       100%        3
 Inner Flame              Hex/Fire       0%         N/A       100%        3
 Spider Form              Tmut/Pois      0%         N/A       100%        3
 Stone Arrow              Conj/Erth      0%         3d7       100%        3
 Vhi's Electric Charge    Tloc/Air       0%         N/A       100%        3
 Volatile Blastmotes      Fire/Tloc      0%         2d10      100%        3
 Animate Armour           Summ/Erth      0%         N/A       100%        4
 Animate Dead             Necr           0%         N/A       100%        4
 Dispel Undead            Necr           0%         3d6       100%        4
 Flame Wave               Conj/Fire      0%         2d4       100%        4
 Iskenderun's Mystic Bla  Conj/Tloc      0%         2d3       100%        4
 Leda's Liquefaction      Hex/Erth       0%         N/A       100%        4
 Petrify                  Tmut/Erth      0%         N/A       100%        4
 Sticky Flame             Conj/Fire      0%         2d3       100%        4
 Alistair's Intoxication  Tmut/Pois      0%         N/A       100%        5
 Arcjolt                  Conj/Air       0%         1d10      100%        5
 Borgnjor's Vile Clutch   Necr/Erth      0%         N/A       100%        5
 Lee's Rapid Deconstruct  Erth           0%         3d4*      100%        5
 Metabolic Englaciation   Hex/Ice        0%         N/A       100%        5
 Eringya's Noxious Bog    Tmut/Pois      0%         N/A       100%        6
 Plasma Beam              Fire/Air       0%         2x1d11    100%        6
 Starburst                Conj/Fire      0%         6d3       100%        6
 Statue Form              Tmut/Erth      0%         N/A       100%        6
 Haunt                    Necr/Summ      0%         N/A       100%        7
 Ignition                 Fire           0%         3d3       100%        8
 Infestation              Necr           0%         N/A       100%        8
 Lehudib's Crystal Spear  Conj/Erth      0%         10d2      100%        8
 Chain Lightning          Conj/Air       0%         N/A       100%        9


Dungeon Overview and Level Annotations

Branches:
Dungeon (10/15)            Temple (1/1) D:6            Lair (0/5) D:8
Ossuary (visited)
    Orc: D:9-12

Altars:
Ashenzari
Cheibriados
Dithmenos
Elyvilon
Fedhas
Gozag
Hepliaklqana
Kikubaaqudgha
Makhleb
Nemelex Xobeh
Okawaru
Qazlal
Ru
Sif Muna
Trog
Uskayaw
Wu Jian
Xom
Yredelemnul
Zin
The Shining One
Beogh

Shops:
D:8 :


Message History

The kobold demonologist gestures wildly while chanting.
The kobold barely misses you. The ufetubus barely misses you.
The ufetubus hits you but does no damage.
You hit the kobold demonologist. You burn the kobold demonologist.
The kobold demonologist is moderately wounded.
The iron imp hits you. The ufetubus barely misses you.
The ufetubus closely misses you.
You block the kobold demonologist's attack.
The kobold hits you but does no damage.
The ice devil hits you but does no damage.
You closely miss the kobold demonologist.
The kobold demonologist is moderately wounded.
You block the ufetubus's attack. x2; The iron imp barely misses you.
The kobold demonologist hits you but does no damage.
The kobold hits you with a +0 short sword.
The ice devil hits you but does no damage.
The ufetubus hits you but does no damage. x2
The ice devil hits you! The ice devil freezes you!
You closely miss the kobold demonologist.
The kobold demonologist is moderately wounded.
You block the ufetubus's attack. x2
The iron imp puffs mist at you. The iron imp barely misses you.
The kobold demonologist hits you but does no damage.
The kobold hits you but does no damage. You block the ice devil's attack.
The ice devil hits you. The ice devil freezes you!!
You whack the kobold demonologist! You burn the kobold demonologist.
The kobold demonologist is heavily wounded.
The ufetubus hits you but does no damage.
The ufetubus barely misses you. The kobold hits you but does no damage.
You block the kobold demonologist's attack.
The ice devil hits you. The ice devil freezes you!!
* * * LOW HITPOINT WARNING * * *
The iron imp hits you but does no damage.
The ufetubus barely misses you. You block the ufetubus's attack.
The ice devil hits you!
* * * LOW HITPOINT WARNING * * *
The ice devil freezes you!!
You die...
Your body disappears without a glow.

..........
....###.....≈#≈ .
.........
.........>..#≈#≈ ...#.
.... .............≈##
.........
...........##≈≈#
##.........
.........#######
...........# ##.......##
......####..####.......#
........#.....#.4K......
.).......###....@43....#
.........#.....K55......
.........^..............
......##.#...)..........
......####....#.........
.....##.....###.........
.#..........# ##........
###..##....## #.###...#
# #........# ## ...


You could see 2 ice devils, a kobold demonologist, a smoke demon (summoned), an
iron imp (summoned), an ufetubus (summoned) and a kobold.

Vanquished Creatures
  A hydra (D:7)
  The ghost of cdecastro the Trooper, a novice TrFi (D:5)
  Joseph (D:8)
  2 trolls
  Sigmund (D:5)
  2 shadows (D:9)
  A wraith (D:9)
  2 wyverns
  A steam dragon (D:7)
  6 yaks
  A hog (D:7)
  4 ice beasts
  2 sky beasts
  4 orc warriors
  2 black bears
  3 ogres
  3 centaurs
  2 phantoms
  4 bullfrogs
  9 kobold brigands
  A gnoll sergeant (D:8)
  4 scorpions
  7 wights (D:9)
  4 killer bees (D:7)
  2 howler monkeys
  2 hounds
  2 jellies
  2 gnoll boudas
  6 orc priests
  2 sleepcaps
  Jessica (D:2)
  10 orc wizards
  2 iguanas
  9 mummies
  10 gnolls
  11 adders
  A shadow imp (D:6)
  2 ufetubi
  2 worms
  A dart slug (D:4)
  33 orcs
  11 ball pythons
  4 endoplasms
  3 giant cockroaches
  16 goblins
  16 hobgoblins
  4 jackals (D:1)
  20 kobolds
  4 quokkas
  6 bats
  5 frilled lizards
  A goblin zombie (D:6)
  3 hobgoblin zombies (Ossuary)
  3 kobold zombies (Ossuary)
  3 orc zombies
  11 rats
276 creatures vanquished.

Notes
Turn   | Place    | Note
-------+----------+-------------------------------------------
     0 | D:1      | monsoonserge the Hill Orc Fighter began the quest for the
                  | Orb.
     0 | D:1      | Reached XP level 1. HP: 19/19 MP: 1/1
   103 | D:1      | Reached XP level 2. HP: 27/27 MP: 2/2
   330 | D:1      | Reached XP level 3. HP: 33/33 MP: 3/3
   413 | D:1      | Reached skill level 4 in Fighting
   734 | D:2      | Noticed Jessica
   767 | D:2      | Killed Jessica
   768 | D:2      | Reached XP level 4. HP: 35/40 MP: 4/4
   821 | D:2      | Found a glowing silver altar of Zin.
   838 | D:2      | Got the Incunable of the Metamorphic Nimbus
  1657 | D:3      | Reached XP level 5. HP: 42/47 MP: 5/5
  2327 | D:4      | Noticed an ogre
  2336 | D:3      | Killed an ogre
  2337 | D:3      | Reached skill level 5 in Fighting
  2337 | D:3      | Reached XP level 6. HP: 31/56 MP: 6/6
  2457 | D:4      | Reached skill level 1 in Throwing
  2470 | D:4      | Reached skill level 6 in Fighting
  2504 | D:4      | Reached skill level 5 in Armour
  2669 | D:4      | Reached XP level 7. HP: 40/64 MP: 7/7
  2814 | D:4      | Found a roughly hewn altar of Beogh.
  2959 | D:4      | Reached skill level 7 in Fighting
  3369 | D:5      | Entered Level 5 of the Dungeon
  3369 | D:5      | Noticed Sigmund
  3419 | D:5      | Found a hazy altar of Hepliaklqana.
  3437 | D:5      | Reached skill level 5 in Axes
  3449 | D:5      | Reached skill level 1 in Dodging
  3449 | D:5      | Reached XP level 8. HP: 50/73 MP: 8/8
  3502 | D:5      | Found a runed translucent gate.
  3503 | D:5      | Found a runed translucent gate.
  3508 | D:5      | Found a runed translucent gate.
  3508 | D:5      | Noticed cdecastro's ghost (novice TrFi)
  3509 | D:5      | Identified the +5 whip "Gexulerph" {flame, rPois rF+ rCorr}
  3726 | D:5      | Killed Sigmund
  3727 | D:5      | Reached skill level 8 in Fighting
  4023 | D:5      | Found a roughly hewn altar of Beogh.
  4158 | D:6      | Found a glowing silver altar of Zin.
  4517 | D:6      | Found a sand-covered staircase.
  4523 | Ossuary  | Entered an ossuary
  4570 | Ossuary  | Reached skill level 1 in Polearms
  4775 | D:6      | Found a staircase to the Ecumenical Temple.
  4786 | Temple   | Entered the Ecumenical Temple
  4786 | Temple   | Found a transporter.
  4786 | Temple   | Found a transporter.
  4789 | Temple   | Found a transporter.
  4789 | Temple   | Found a transporter.
  4842 | Temple   | Became a worshipper of Nemelex Xobeh the Trickster
  5614 | D:6      | Reached XP level 9. HP: 38/82 MP: 9/9
  6007 | D:6      | Reached skill level 5 in Polearms
  6292 | D:7      | Found an ornate altar of the Wu Jian Council.
  6331 | D:7      | Reached skill level 9 in Fighting
  6378 | D:7      | Reached * piety under Nemelex Xobeh
  6545 | D:7      | Found a shimmering blue altar of Sif Muna.
  6646 | D:7      | Found a blossoming altar of Fedhas.
  6822 | D:8      | Noticed Joseph
  7029 | D:8      | Found Ollebby's Book Shop.
  7034 | D:8      | Found a staircase to the Lair.
  7075 | D:8      | Reached skill level 10 in Fighting
  7075 | D:8      | Reached XP level 10. HP: 51/93 MP: 10/10
  7317 | D:8      | Noticed a kobold demonologist
  7338 | D:9      | Received a gift from Nemelex Xobeh
  7346 | D:9      | Reached skill level 1 in Invocations
  7523 | D:8      | Found a bloodstained altar of Trog.
  8244 | D:9      | Reached ** piety under Nemelex Xobeh
  8512 | D:10     | Entered Level 10 of the Dungeon
  8598 | D:9      | Reached skill level 5 in Shields
  8702 | D:9      | Reached skill level 11 in Fighting
  8831 | D:10     | Identified the +1 sling of Inquiry {freeze, Contam Str+2
                  | Int+3 Dex+5}
  8857 | D:10     | Identified the +0 chain mail of Nehuen {Str+3 Int+3 SInv}
  8936 | D:10     | Noticed a two-headed ogre
  9165 | D:8      | Reached skill level 10 in Armour
  9176 | D:8      | Noticed a boulder beetle
  9176 | D:8      | Noticed a four-headed hydra
  9273 | D:5      | Killed cdecastro's ghost
  9274 | D:5      | Reached skill level 5 in Invocations
  9274 | D:5      | Reached XP level 11. HP: 59/102 MP: 14/14
  9486 | D:7      | Killed a four-headed hydra
  9804 | D:8      | Received a gift from Nemelex Xobeh
  9832 | D:8      | Reached skill level 1 in Maces & Flails
 10001 | D:8      | Paralysed by Joseph for 4 turns
 10014 | D:8      | Killed Joseph
 10063 | D:8      | Identified the staff of death "Ewualomu" {rF+ rN+ rCorr
                  | Str+4 Int-5}
 10064 | D:8      | Identified the +1 leather armour of Twilight {Int+3}
 10143 | D:8      | Identified the ring "Zorur" {rElec rN+ AC+4 Str-2 Dex+3}
 10298 | D:8      | Slain by an ice devil

Illustrated notes

Levels and vault maps discovered:
D:1:      minmay_arrival_glassed_features, layout_basic, st_stairs_5,
          minmay_octomino_c4
D:2:      layout_basic, basic_altar, minmay_misc_feat_rows, feat_on_display,
          uniq_jessica
D:3:      cheibrodos_greedy_goblins, layout_loops_ring
D:4:      layout_cave_pools, minmay_misc_feat_alley,
          hangedman_abyss_or_decor_lesser_grid, kennysheep_orc_chapel
D:5:      layout_gridville, mainiacjoe_overflow_chevrons,
          biasface_ghost_orc_armoury, uniq_sigmund
D:6:      layout_layer_cave, mainiacjoe_overflow_boulevard,
          minmay_temple_entry_trees, nicolae_ossuary_entry_giza,
          minmay_misc_feat_enclosed
D:7:      layout_cave_pools, kennysheep_orc_sif_temple,
          mainiacjoe_overflow_alcove_2, lemuel_round_altar
D:8:      layout_cave_pools, lightli_temple_of_fire, lair_entry_dummy,
          serial_shops, nicolae_shop_tiny_glass, special_room
          [special_room_kobold], minmay_radiant, uniq_joseph
D:9:      layout_stronghold
D:10:     layout_long_grid, mainiacjoe_overflow_tiny_flanked
Temple:   hellmonk_temple_divided_pantheon

Skill      XL: |  1  2  3  4  5  6  7  8  9 10 11 |
---------------+----------------------------------+-----
Axes           | 3 4 5 6 |  6.0
Fighting       | 4 5 6 7 8 10 11 | 11.4
Armour         | 4 5 6 8 10 | 10.6
Shields        | 4 5 6 |  6.2
Throwing       | 1 2 3 |  3.0
Dodging        | 1 |  1.4
Polearms       | 3 7 |  7.2
Invocations    | 5 6 |  6.1
Maces & Flails | 2 |  2.3

Action                     |  1- 3 |  4- 6 |  7- 9 | 10-12 || total
---------------------------+-------+-------+-------+-------++-------
  Melee: War axe           |    86 |   181 |   105 |       ||   372
         Halberd           |       |       |   281 |       ||   281
         Trident           |       |       |    44 |   173 ||   217
         Whip              |       |       |       |   116 ||   116
  Throw: Dart              |     5 |     4 |    13 |       ||    22
 Invoke: Draw Destruction  |       |       |       |     2 ||     2
  Evoke: Wand              |       |       |     2 |       ||     2
    Use: Potion            |       |       |     5 |     2 ||     7
 Armour: Scale mail        |    19 |       |       |       ||    19
         Plate armour      |    56 |   125 |   389 |   131 ||   701
         Skin              |       |       |     6 |       ||     6
         Chain mail        |       |       |       |   120 ||   120
  Dodge: Dodged            |    27 |    46 |   163 |   119 ||   355
  Block: Buckler           |    27 |    33 |    63 |    11 ||   134
         Kite shield       |       |       |       |   178 ||   178
